 Dungeon Crawl Stone Soup version 0.24.0-13-gcf9b319 (webtiles) character file.

Game seed: 15099382822458889920, levelgen mode: deterministic

10324 Balder the Basher (level 11, -17/105 HPs)
             Began as a Troll Fighter on Apr 14, 2020.
             Was a Priest of Trog.
             Demolished by an ettin
             ... wielding a +0 dire flail
              (35 damage)
             ... on level 1 of the Orcish Mines.
             The game lasted 01:00:43 (11107 turns).

Balder the Basher (Troll Fighter)                  Turns: 11107, Time: 01:00:44

Health: -17/105    AC: 17    Str: 30    XL:     11   Next: 34%
Magic:  13/13      EV: 10    Int:  4    God:    Trog [***...]
Gold:   745        SH: 10    Dex: 12    Spells: 10/10 levels left

rFire    . . .     SeeInvis .   b - +2 morningstar (protect)
rCold    . . .     Gourm    +   c - +0 shield
rNeg     . . .     Faith    .   S - +1 troll leather armour
rPois    .         Spirit   .   (helmet restricted)
rElec    .         Reflect  .   o - +0 cloak
rCorr    .         Harm     .   (gloves unavailable)
MR       +++..                  (boots unavailable)
Stlth    +.........             y - amulet of magic regeneration
HPRegen  2.07/turn              k - ring of flight
MPRegen  0.38/turn              C - ring "Caxzisil" {MR+ Str+4}

@: protection aura, regenerating
A: large, unfitting armour, claws 3, fast metabolism 3, gourmand, regeneration
1, shaggy fur 1, tough skin 3
a: Berserk, Trog's Hand, Renounce Religion, Evoke Flight


You were on level 1 of the Orcish Mines.
You worshipped Trog.
Trog was most pleased with you.
You were very full.

You visited 2 branches of the dungeon, and saw 12 of its levels.
You also visited: Volcano.

You collected 1209 gold pieces.
You spent 464 gold pieces at shops.

Inventory:

Hand Weapons
 a - a +4 flail of flaming
 b - a +2 morningstar of protection (weapon)
 w - the +4 war axe of Saltpetre {vamp, rN+ Int+4 Dex-2}
   (You found it on level 8 of the Dungeon)

   It inflicts no extra harm, but heals its wielder when it wounds a living foe.
   It affects your intelligence (+4).
   It affects your dexterity (-2).
   It protects you from negative energy.
 B - a +1 fustibalus of flaming
 K - a +3 great sword of freezing
Missiles
 n - 75 poisoned darts
 r - 10 javelins
 R - 2 boomerangs (quivered)
Armour
 c - a +0 shield (worn)
 o - a +0 cloak (worn)
 u - a +2 robe of positive energy
 I - a +2 robe of magic resistance
 S - a +1 troll leather armour (worn)
Jewellery
 k - a ring of flight (left claw)
 y - an amulet of magic regeneration (around neck)
 C - the ring "Caxzisil" (right claw) {MR+ Str+4}
   (You acquired it on level 2 of the Orcish Mines)

   [ring of protection from magic]

   It affects your strength (+4).
   It affects your resistance to hostile enchantments.
Wands
 g - a wand of flame (19)
 s - a wand of digging (12)
 A - a wand of iceblast (16)
 L - a wand of disintegration (11)
 M - a wand of random effects (13)
Scrolls
 h - 4 scrolls of remove curse
 i - 4 scrolls of identify
 x - a scroll of immolation
 z - a scroll of enchant armour
Potions
 e - 2 potions of brilliance
 l - 3 potions of magic
 m - 2 potions of curing
 p - 2 potions of flight
 q - a potion of agility {unknown}
 t - 2 potions of mutation
 v - a potion of heal wounds
 H - a potion of degeneration {unknown}
 N - a potion of haste {unknown}
 O - 2 potions of berserk rage {unknown}
Comestibles
 f - 29 rations


   Skills:
 * Level 6.2 Fighting
 * Level 9.9 Maces & Flails
 * Level 5.4 Throwing
 + Level 1.5 Armour
 + Level 5.1 Dodging
 - Level 1.0 Stealth
 + Level 5.0 Shields
 * Level 4.7 Unarmed Combat
 * Level 4.4 Evocations


You had 10 spell levels left.
You didn't know any spells.
Your spell library was empty.

Dungeon Overview and Level Annotations

Branches:
Dungeon (10/15)            Temple (0/1) D:4             Orc (2/2) D:9
    Elf (0/3) Orc:2       Volcano (visited)
   Lair: D:8-11

Altars:
Ashenzari
Cheibriados
Elyvilon
Fedhas
Gozag
Kikubaaqudgha
Nemelex Xobeh
Qazlal
Sif Muna
Trog
Uskayaw
Vehumet
Xom
The Shining One

Shops:
D:5 [   D:8 *(%   Orc:2 =

Annotations:
D:4 3 runed translucent doors, axecop's ghost, amateur DsWn; ogel02's ghost, amateur GrFi
D:6 2 transporters


Innate Abilities, Weirdness & Mutations

You are too large for most types of armour.
You have claws for hands.
Your metabolism is lightning-fast.
You like to eat raw meat.
Your natural rate of healing is unusually fast.
You are covered in fur. (AC +1)
You have extremely tough skin. (AC +3)


Message History

You barely miss the ettin.
The ettin is heavily wounded.
You block the ettin's attack.
The ettin hits you with a +0 great mace!!
* * * LOW HITPOINT WARNING * * *
You hit the ettin but do no damage.
The ettin is heavily wounded.
The ettin closely misses you. The ettin barely misses you.
You hit the ettin but do no damage.
The ettin is heavily wounded.
You sock the ettin!
The ettin is heavily wounded.
The ettin hits you with a +0 dire flail.
* * * LOW HITPOINT WARNING * * *
You block the ettin's attack.
You hit the ettin but do no damage.
The ettin is heavily wounded.
You feel the effects of Trog's Hand fading.
The ettin hits you with a +0 dire flail!!
You die...

###....###.##
#####.#.........#
###.##...........##
#####................####
##.##..................#.##
#......#......#....^......#
##.....#.................##
##...........#..C...##.##
#......)......@.....#.##
####.#....[[.............#
#.##.##...[)............##
......#.............#...##
#.##.###..........#.##...#
#######..............##.##
##.#.....#....##...## #
#............^.#....## ##
##..#.................#


You could see an ettin.

Vanquished Creatures
  A two-headed ogre (Orc:2)
  A salamander mystic (Volcano)
  A deep troll (Orc:2)
  An orc knight (D:9)
  A cyclops (Orc:1)
  2 salamanders (Volcano)
  Maurice (D:10)
  2 trolls
  A hippogriff (D:9)
  A wyvern (D:9)
  2 hungry ghosts
  A warg (D:9)
  2 hell hounds (Orc:2)
  A hornet zombie (D:10)
  2 sky beasts (D:8)
  6 orc warriors
  An ice beast (D:7)
  5 ogres
  4 centaurs
  A big kobold (D:7)
  4 bullfrogs
  A wyvern zombie (D:9)
  A water moccasin zombie (D:8)
  A wyvern skeleton (D:8)
  2 scorpions
  5 killer bees (D:9)
  7 wights
  4 howler monkeys
  2 crimson imps
  3 centaur zombies
  2 jellies
  4 hounds
  18 orc wizards
  14 orc priests
  2 bullfrog skeletons
  A gnoll shaman (D:6)
  An iguana (D:5)
  6 worker ants
  A howler monkey zombie (D:7)
  2 worker ant zombies
  5 gnolls
  15 adders
  3 shadow imps
  An ooze (D:6)
  2 adder skeletons
  2 worms (D:2)
  3 dart slugs (D:1)
  3 leopard geckos
  30 orcs
  A ball python (D:8)
  9 giant cockroaches
  9 goblins
  10 hobgoblins
  11 jackals
  7 quokkas
  A ball python skeleton (D:4)
  3 bats
  3 frilled lizards
  A jackal skeleton (D:6)
  15 kobolds
  A leopard gecko skeleton (D:4)
  A quokka zombie (D:9)
  7 rats
261 creatures vanquished.

Vanquished Creatures (collateral kills)
  An ogre (Orc:2)
1 creature vanquished.

Vanquished Creatures (others)
  2 orcs (D:9)
  A hobgoblin (D:3)
  2 withered plants (D:4)
5 creatures vanquished.

Grand Total: 267 creatures vanquished

Notes
Turn   | Place    | Note
-------+----------+-------------------------------------------
     0 | D:1      | Balder the Troll Fighter began the quest for the Orb.
     0 | D:1      | Reached XP level 1. HP: 22/22 MP: 0/0
   107 | D:1      | Reached XP level 2. HP: 23/29 MP: 1/1
   169 | D:1      | Reached skill level 2 in Maces & Flails
   269 | D:1      | Reached XP level 3. HP: 36/36 MP: 2/2
   778 | D:2      | Found a blossoming altar of Fedhas.
   778 | D:2      | Found a bloodstained altar of Trog.
   912 | D:2      | Became a worshipper of Trog the Wrathful
   950 | D:2      | Found a sparkling altar of Nemelex Xobeh.
   997 | D:2      | Reached skill level 1 in Throwing
  1022 | D:2      | Reached XP level 4. HP: 16/44 MP: 3/3
  1706 | D:3      | Found a glowing golden altar of the Shining One.
  1824 | D:3      | Reached skill level 3 in Maces & Flails
  1909 | D:3      | Found a white marble altar of Elyvilon.
  1994 | D:3      | Found a stormy altar of Qazlal.
  2024 | D:3      | Reached XP level 5. HP: 48/53 MP: 4/4
  2161 | D:3      | Reached * piety under Trog
  2337 | D:3      | Found a radiant altar of Vehumet.
  2984 | D:4      | Found a runed translucent gate.
  2984 | D:4      | Found a runed translucent gate.
  2990 | D:4      | Found a runed translucent gate.
  2990 | D:4      | Noticed axecop's ghost (amateur DsWn)
  2990 | D:4      | Noticed ogel02's ghost (amateur GrFi)
  3008 | D:4      | Found a staircase to the Ecumenical Temple.
  3256 | D:4      | Found a shattered altar of Ashenzari.
  3588 | D:5      | Entered Level 5 of the Dungeon
  3588 | D:5      | Found Abiops's Antique Armour Shoppe.
  3615 | D:5      | Bought a runed robe for 107 gold pieces
  3677 | D:5      | Reached XP level 6. HP: 61/61 MP: 5/5
  3709 | D:5      | Reached skill level 4 in Maces & Flails
  3882 | D:5      | Found a shimmering blue altar of Sif Muna.
  4377 | D:6      | Reached XP level 7. HP: 57/68 MP: 6/6
  4509 | D:6      | Found a snail-covered altar of Cheibriados.
  4509 | D:6      | Found a transporter.
  4509 | D:6      | Noticed a cyclops
  4657 | D:6      | Reached skill level 5 in Maces & Flails
  4705 | D:6      | Found a transporter.
  4746 | D:6      | Found an ancient bone altar of Kikubaaqudgha.
  4787 | D:6      | Reached XP level 8. HP: 39/78 MP: 7/7
  5020 | D:6      | Reached ** piety under Trog
  5193 | D:7      | Found an opulent altar of Gozag.
  5284 | D:7      | Reached skill level 1 in Evocations
  5379 | D:7      | Reached skill level 6 in Maces & Flails
  5897 | D:8      | Noticed a +0 hand axe
  5897 | D:8      | Noticed a +0 hand axe
  5914 | D:8      | Found a hide-covered altar of Uskayaw.
  5962 | D:8      | Found a shimmering altar of Xom.
  6069 | D:8      | Found Dut Faos's Food Shop.
  6212 | D:8      | Reached XP level 9. HP: 57/85 MP: 9/9
  6221 | D:8      | Reached skill level 7 in Maces & Flails
  6371 | D:8      | Got a smoking war axe
  6372 | D:8      | Identified the +4 war axe of Saltpetre {vamp, rN+ Int+4
                  | Dex-2} (You found it on level 8 of the Dungeon)
  6822 | D:8      | Found Rididis's Assorted Antiques.
  6828 | D:8      | Bought a wand of iceblast (7) for 84 gold pieces
  6828 | D:8      | Bought a glowing robe for 77 gold pieces
  6858 | D:8      | Found Dinimily's Antique Weapon Boutique.
  7024 | D:8      | Reached skill level 1 in Unarmed Combat
  7187 | D:9      | Reached skill level 5 in Fighting
  7290 | D:8      | Bought a glowing morningstar for 196 gold pieces
  7466 | D:9      | Found a staircase to the Orcish Mines.
  7507 | D:9      | Reached *** piety under Trog
  7690 | D:9      | Reached skill level 8 in Maces & Flails
  7932 | D:9      | Reached XP level 10. HP: 82/96 MP: 11/11
  8519 | D:10     | Entered Level 10 of the Dungeon
  8546 | D:10     | Found a sparkling altar of Nemelex Xobeh.
  8728 | D:10     | Noticed Maurice
  8746 | D:10     | Killed Maurice
  9363 | D:10     | Received a gift from Trog
  9387 | D:10     | Reached skill level 1 in Stealth
  9404 | D:10     | Reached skill level 9 in Maces & Flails
  9611 | Orc:1    | Entered Level 1 of the Orcish Mines
  9670 | Orc:1    | Noticed an orc knight
  9704 | D:9      | Killed an orc knight
  9904 | Orc:1    | Noticed a cyclops
  9934 | Orc:1    | Killed a cyclops
  9934 | Orc:1    | Reached skill level 5 in Throwing
 10102 | Orc:2    | Entered Level 2 of the Orcish Mines
 10149 | Orc:2    | Found Qonosk's Jewellery Shop.
 10259 | Orc:2    | Noticed a two-headed ogre
 10334 | Orc:2    | Killed a two-headed ogre
 10334 | Orc:2    | Reached XP level 11. HP: 93/105 MP: 13/13
 10357 | Orc:2    | Noticed a deep troll
 10361 | Orc:2    | Reached skill level 5 in Dodging
 10370 | Orc:2    | Killed a deep troll
 10407 | Orc:2    | Identified a scroll of acquirement
 10410 | Orc:2    | Got a wavering bone ring
 10413 | Orc:2    | Identified the ring "Caxzisil" {MR+ Str+4} (You acquired it
                  | on level 2 of the Orcish Mines)
 10497 | Orc:2    | Reached skill level 1 in Armour
 10501 | Orc:2    | Found a dark tunnel.
 10515 | Volcano  | Entered a volcano
 10540 | Volcano  | Noticed a salamander mystic
 10552 | Volcano  | Killed a salamander mystic
 10722 | Orc:2    | Noticed an ogre mage
 10857 | Orc:1    | Reached skill level 5 in Shields
 11093 | Orc:2    | Noticed an ettin
 11096 | Orc:2    | Noticed a two-headed ogre
 11107 | Orc:1    | Demolished by an ettin

Levels and vault maps discovered:
D:1:      nicolae_arrival_somewhat_less_tricky_arrival, layout_basic,
          serial_glass, glass_columns_c, glass_columns_a, glass_columns_a,
          glass_columns_a, glass_columns_c, glass_columns_b,
          chequers_serial_rivers_micro_d
D:2:      layout_loops_ring, gammafunk_temple_overflow_pools,
          lemuel_crystal_altar
D:3:      layout_loops_corners, lemuel_crystal_altar,
          nicolae_overflow_crystal_walls, grunt_qazlal_clouds, tso_metal_star
D:4:      layout_basic, ashenzari_altar_1, minmay_temple_entry_offerings,
          gammafunk_ghost_cemetery, minmay_misc_feat_rugged, st_stairs_6
D:5:      layout_rooms, first_ration, serial_shops, nicolae_shop_waterfront,
          led_sif_book
D:6:      layout_cave_pools, old_standard_altar,
          gammafunk_temple_overflow_arena, feat_on_display
D:7:      layout_loops_cross, nicolae_gozag_seed_capital
D:8:      layout_basic, lemuel_crystal_altar, dancing_weapons_uskayaw,
          serial_shops, shop, shop, shop
D:9:      layout_gridville, erik_orc_3, blue_anna_alchemist
          [blue_anna_fruit_fields, blue_anna_fruit_fields], minivault_4
D:10:     layout_roguey, nemelex_diamond_rough_becter, uniq_maurice
Orc:1:    layout_caves, nicolae_orc_bridge_out, minmay_shop_mass,
          nicolae_orc_flooded_monolith
Orc:2:    st_orc_open, layout_diamond_mine, serial_shops, shop_statue,
          enter_volcano_3

Skill      XL: |  1  2  3  4  5  6  7  8  9 10 11 |
---------------+----------------------------------+-----
Maces & Flails | 2 3 4 5 6 8 9 |  9.9
Throwing       | 1 2 3 4 5 |  5.4
Fighting       | 3 4 5 6 |  6.2
Shields        | 3 4 5 |  5.0
Dodging        | 3 4 5 |  5.1
Evocations     | 1 3 4 |  4.4
Unarmed Combat | 3 4 |  4.7
Stealth        | 1 |  1.0
Armour         | 1 |  1.5

Action                   |  1- 3 |  4- 6 |  7- 9 | 10-12 || total
-------------------------+-------+-------+-------+-------++-------
Melee: Flail             |   111 |   225 |   286 |       ||   622
       Morningstar       |       |       |   134 |   239 ||   373
       Unarmed           |       |       |    33 |       ||    33
Throw: Dart              |       |     5 |    25 |    32 ||    62
       Boomerang         |       |       |       |    25 ||    25
Invok: Berserk           |       |       |     1 |       ||     1
       Trog's Hand       |       |       |     4 |    10 ||    14
Evoke: Wand              |       |     2 |     3 |    14 ||    19
  Use: Potion            |     4 |     1 |     5 |     6 ||    16
       Scroll            |       |     4 |     4 |    10 ||    18
 Stab: Invisible         |     1 |       |     1 |       ||     2
  Eat: Chunk             |    13 |    29 |    41 |    32 ||   115
       Ration            |       |       |     4 |       ||     4
Armor: Robe              |    31 |    98 |   177 |    51 ||   357
       Troll leather arm |       |       |       |    37 ||    37
Dodge: Dodged            |    45 |    97 |   149 |   107 ||   398
Block: Shield            |    80 |   124 |   216 |   148 ||   568
